 Dungeon Crawl Stone Soup version 0.28-a0-773-g130ae17fe5 (webtiles) character file.

Game seed: 7319226361296376887

1754 cheechan the Sneak (level 9, -1/60 HPs)
             Began as an Octopode Gladiator on Nov 1, 2021.
             Was an Initiate of Gozag.
             Slain by an ice beast (13 damage)
             ... on level 7 of the Dungeon.
             The game lasted 00:21:09 (5712 turns).

cheechan the Sneak (Octopode Gladiator)             Turns: 5712, Time: 00:21:10

Health: -1/60      AC:  2    Str: 15    XL:     9   Next: 6%
Magic:  9/9        EV: 13    Int: 10    God:    Gozag
Gold:   477        SH:  9    Dex: 15    Spells: 5/8 levels left

rFire   . . .      SeeInvis .   j - +4 whip (venom)
rCold   . . .      Faith    +   s - +0 kite shield
rNeg    + . .      Spirit   .   b - +1 hat
rPois   .          Reflect  .   u - amulet of faith
rElec   .          Harm     .   C - ring of positive energy
rCorr   .          Rampage  .   (no ring)
Will    .....                   (no ring)
Stlth   ++++......              (no ring)
HPRegen 0.20/turn               (no ring)
MPRegen 0.11/turn               (no ring)
                                (no ring)
                                (no ring)

@: no status effects
A: almost no armour, amphibious, 8 rings, camouflage 1, gelatinous body 1,
(nimble swimmer 1), tentacles
a: Renounce Religion, Potion Petition, Call Merchant, Bribe Branch


You were on level 7 of the Dungeon.
You worshipped Gozag.
Gozag was aware of your devotion.
You visited 2 branches of the dungeon, and saw 8 of its levels.
You also visited: Sewer.

You collected 589 gold pieces.
You paid 112 gold pieces to Gozag.

Inventory:

Hand Weapons
 j - a +4 whip of venom (weapon)
 q - a +0 arbalest
 w - a +2 dagger of freezing
 F - a +0 shortbow
 H - a +2 vampiric short sword
Missiles
 c - 2 throwing nets (quivered)
 e - 3 datura-tipped darts
 f - 81 bolts
 l - 90 arrows
 m - 19 poisoned darts
 o - 82 sling bullets
 v - 10 atropa-tipped darts
Armour
 b - a +1 hat (worn)
 s - a +0 kite shield (worn)
Magical Staves
 E - a staff of death
Jewellery
 u - an amulet of faith (around mantle)
 C - a ring of positive energy (left tentacle)
Wands
 a - a wand of polymorph (10)
 t - a wand of iceblast (9)
 D - a wand of flame (25)
Scrolls
 d - 2 scrolls of teleportation
 n - a scroll of fear
 p - a scroll of identify
 y - a scroll of magic mapping
Potions
 g - a potion of attraction
 h - a potion of berserk rage {unknown}
 i - 2 potions of haste
 k - 2 potions of flight {unknown}
 r - a potion of mutation {unknown}
 x - a potion of lignification {unknown}
 z - a potion of invisibility {unknown}
 A - 3 potions of magic
 B - a potion of curing


   Skills:
 + Level 4.8 Fighting
 + Level 4.2 Long Blades
 + Level 5.5 Maces & Flails
 + Level 1.1 Crossbows
 + Level 2.3 Throwing
 + Level 6.1 Dodging
 + Level 6.5 Stealth
 + Level 2.8 Shields


You had 5 spell levels left.
You knew the following spells:

 Your Spells              Type           Power      Damage    Failure   Level
a - Magic Dart            Conj           0%         1d3       88%         1
b - Call Imp              Summ           0%         N/A       95%         2

Your spell library contained the following spells:

 Spells                   Type           Power      Damage    Failure   Level
 Animate Skeleton         Necr           0%         N/A       88%         1
 Pain                     Necr           0%         1d4       88%         1
 Mephitic Cloud           Conj/Pois/Air  0%         N/A       99%         3
 Vampiric Draining        Necr           0%         2d6       99%         3


Dungeon Overview and Level Annotations

Branches:
Dungeon (7/15)             Temple (1/1) D:7           Sewer (visited)

Altars:
Ashenzari
Cheibriados
Dithmenos
Elyvilon
Fedhas
Gozag
Hepliaklqana
Kikubaaqudgha
Makhleb
Nemelex Xobeh
Okawaru
Qazlal
Ru
Sif Muna
Trog
Uskayaw
Vehumet
Wu Jian
Xom
Yredelemnul
Zin
The Shining One


Innate Abilities, Weirdness & Mutations

You cannot wear most types of armour.
You are amphibious.
You can wear up to eight rings at the same time.
Your skin changes colour to match your surroundings (Stealth+).
Your rubbery body absorbs attacks. (AC +1, EV +1)
((You are camouflaged near water. (Stealth+)))
You have tentacles for arms and can constrict up to eight enemies at once.


Message History

You hit the centaur skeleton.
The centaur skeleton is heavily damaged.
The centaur skeleton hits you.
The centaur skeleton closely misses you.
The centaur skeleton hits you but does no damage.
The centaur skeleton kicks you.
You hit the centaur skeleton.
The centaur skeleton is severely damaged.
The centaur skeleton hits you.
You block the centaur skeleton's attack.
You hit the centaur skeleton.
The centaur skeleton is almost destroyed.
The centaur skeleton hits you. The centaur skeleton barely misses you.
The centaur skeleton misses you.
You block the centaur skeleton's attack.
You whack the centaur skeleton!
You destroy the centaur skeleton!
You now have 468 gold pieces (gained 9).
Found 9 gold pieces.
You now have 477 gold pieces (gained 9).
An ice beast comes into view.
The ice beast misses you.
A bullfrog comes into view.
The ice beast hits you. The ice beast freezes you! The ice beast hits you.
The ice beast freezes you! You block the ice beast's attack.
You hit the ice beast but do no damage. The ice beast hits you.
The ice beast freezes you!
* * * LOW HITPOINT WARNING * * *
You barely miss the ice beast. The ice beast hits you.
* * * LOW HITPOINT WARNING * * *
The ice beast freezes you!
* * * LOW HITPOINT WARNING * * *
You feel better. The ice beast completely misses you. The ice beast misses you.
The ice beast hits you.
* * * LOW HITPOINT WARNING * * *
The ice beast freezes you!
You die...
Your body crumbles into a pile of gold.

#.......+.........'.
#...# #.#..).....##
#...# §.#......##
#.#.#.#§#.#....##
#.#.§§._.§§...## #.#
#§#§#§##'## #.# .§§
##.###### #Y#####§#
#........ #.@....§#
#..######
#####..####...#....
#......##......###
#.##.#.###.....# # #
#.#.###..#### #
#........######
###.###........
#.########### #
#.##._...#


You could see an ice beast.

Vanquished Creatures
  A water moccasin (D:6)
  A black bear (D:6)
  An ice beast (D:6)
  A hornet zombie (D:7)
  An orc warrior (D:4)
  A sky beast (D:7)
  A necrophage (D:4)
  A centaur (D:7)
  2 bullfrogs
  2 scorpions
  A water moccasin skeleton (D:5)
  2 bullfrog zombies
  A hound (D:6)
  A centaur skeleton (D:7)
  3 orc priests
  A gnoll shaman (D:6)
  4 iguanas
  A bullfrog skeleton (D:6)
  3 orc wizards
  A howler monkey zombie (D:5)
  5 gnolls
  A howler monkey skeleton (D:7)
  5 adders
  A river rat (D:6)
  A shadow imp (D:6)
  An ufetubus (D:5)
  An adder skeleton (D:4)
  3 worms
  29 orcs
  3 bats
  3 endoplasms
  3 giant cockroaches
  10 hobgoblins
  13 kobolds
  A quokka (D:5)
  11 ball pythons
  11 frilled lizards
  12 goblins
  10 rats
154 creatures vanquished.

Vanquished Creatures (others)
  2 plants (D:7)
2 creatures vanquished.

Grand Total: 156 creatures vanquished

Notes
Turn   | Place    | Note
-------+----------+-------------------------------------------
     0 | D:1      | cheechan the Octopode Gladiator began the quest for the
                  | Orb.
     0 | D:1      | Reached XP level 1. HP: 14/14 MP: 1/1
   222 | D:1      | Reached XP level 2. HP: 9/19 MP: 2/2
   373 | D:1      | Learned a level 1 spell: Magic Dart
   530 | D:1      | Reached XP level 3. HP: 19/24 MP: 3/3
   698 | D:2      | Found a broken altar of Ashenzari.
   861 | D:2      | Reached XP level 4. HP: 29/30 MP: 4/4
  1149 | D:3      | Found a sparkling altar of Nemelex Xobeh.
  1675 | D:4      | Noticed a necrophage
  1683 | D:4      | Killed a necrophage
  1684 | D:4      | Reached skill level 1 in Maces & Flails
  1684 | D:4      | Reached skill level 1 in Stealth
  1684 | D:4      | Reached XP level 5. HP: 26/36 MP: 5/5
  1717 | D:4      | Noticed an orc warrior
  1741 | D:4      | Killed an orc warrior
  1742 | D:4      | Reached XP level 6. HP: 7/42 MP: 6/6
  2277 | D:4      | Reached skill level 1 in Crossbows
  2430 | D:5      | Entered Level 5 of the Dungeon
  2444 | D:5      | Found a hide-covered altar of Uskayaw.
  2610 | D:5      | Found a bloodstained altar of Trog.
  2653 | D:5      | Reached XP level 7. HP: 8/46 MP: 7/7
  2842 | D:5      | Found an ornate altar of the Wu Jian Council.
  2984 | D:5      | Reached skill level 1 in Shields
  3551 | D:6      | Reached skill level 5 in Dodging
  3785 | D:6      | Found a glowing drain.
  3789 | Sewer    | Entered a sewer
  4245 | D:6      | Reached XP level 8. HP: 40/54 MP: 8/8
  4254 | D:6      | Found a snail-covered altar of Cheibriados.
  4258 | D:6      | Noticed a yak
  4259 | D:6      | Noticed a yak
  4349 | D:6      | Found an ancient bone altar of Kikubaaqudgha.
  4499 | D:7      | Reached skill level 5 in Stealth
  4503 | D:7      | Found a shimmering altar of Xom.
  4504 | D:7      | Found a shimmering altar of Xom.
  4504 | D:7      | Found a shimmering altar of Xom.
  4504 | D:7      | Found a shimmering altar of Xom.
  4504 | D:7      | Found a shimmering altar of Xom.
  4505 | D:7      | Found a shimmering altar of Xom.
  4505 | D:7      | Found a shimmering altar of Xom.
  4506 | D:7      | Found a shimmering altar of Xom.
  4576 | D:7      | Reached skill level 5 in Maces & Flails
  4819 | D:7      | Learned a level 2 spell: Call Imp
  4834 | D:7      | Found a staircase to the Ecumenical Temple.
  4850 | Temple   | Entered the Ecumenical Temple
  4907 | Temple   | Became a worshipper of Gozag Ym Sagoz the Greedy
  5402 | D:7      | Reached XP level 9. HP: 14/59 MP: 9/9
  5630 | D:7      | Found a shadowy altar of Dithmenos.
  5712 | D:7      | Slain by an ice beast

Illustrated notes

Levels and vault maps discovered:
D:1:      dpeg_arrival_pits, layout_loops_ring
D:2:      layout_basic, basic_altar
D:3:      layout_basic, mainiacjoe_overflow_surrounded_room,
          minmay_stone_trees_small
D:4:      layout_basic, ebering_ghost_reflecting_pool, nrook_uturn
D:5:      layout_gridville, mainiacjoe_overflow_six_doors_small,
          trog_three_pillars_becter, overflow_temple_1_default
D:6:      layout_basic, lemuel_doored_altar, kiku_gazebo_pond_becter,
          gup_sewer_entry_spiral, supply_closet_lemuel, hangedman_glass_teeth,
          kennysheep_opposing_triangles
D:7:      corexii_shantytown, layout_loops_corners, xom_shifter_show,
          grunt_dithmenos_smoke_and_mirrors, minmay_temple_entry_junction
Temple:   jpeg_temple_clearing

Skill      XL: |  1  2  3  4  5  6  7  8 |
---------------+-------------------------+-----
Long Blades    | 4 |  4.2
Fighting       | 3 4 |  4.8
Maces & Flails | 1 2 3 5 |  5.5
Dodging        | 4 5 6 |  6.1
Stealth        | 1 2 3 4 6 |  6.5
Crossbows      | 1 |  1.1
Shields        | 1 2 |  2.8
Throwing       | |  2.3

Action                   |  1- 3 |  4- 6 |  7- 9 || total
-------------------------+-------+-------+-------++-------
Melee: Long sword        |    44 |       |       ||    44
       Constrict         |    15 |    26 |    49 ||    90
       Tentacles         |     8 |    26 |    55 ||    89
       Whip              |     6 |    81 |   189 ||   276
 Fire: Arbalest          |       |     6 |       ||     6
Throw: Throwing net      |       |     3 |       ||     3
 Cast: Magic Dart        |       |     4 |       ||     4
  Use: Scroll            |     2 |     6 |    10 ||    18
       Potion            |       |     2 |     4 ||     6
 Stab: Sleeping          |     2 |     2 |    21 ||    25
       Held in net/web   |       |     1 |       ||     1
       Distracted        |       |       |     1 ||     1
Armor: Skin              |     3 |    13 |    15 ||    31
Dodge: Dodged            |    36 |    68 |    94 ||   198
Block: Kite shield       |       |    22 |    64 ||    86

Table legend: (Time is in decaauts)
 A = Elapsed time spent in this place.
 B = Non-inter-level travel time spent in this place.
 C = Inter-level travel time spent in this place.
 D = Time resting spent in this place.
 E = Time spent auto-exploring this place.
 F = Levels seen in this place.
 G = Mean time per level.
                   A        B        C        D        E       F      G
               +--------+--------+--------+--------+--------+-----+--------+
         Total |   5776 |   5776 |      0 |    494 |      0 |   9 |  641.8 |
       Dungeon |   5336 |   5336 |      0 |    407 |      0 |   7 |  762.3 |
        Temple |     88 |     88 |      0 |      0 |      0 |   1 |   88.0 |
         Sewer |    351 |    351 |      0 |     87 |      0 |   1 |  351.0 |
               +--------+--------+--------+--------+--------+-----+--------+

Top non-repeatable levels by time:
     D:5: 1113 daAuts
     D:7: 947 daAuts
     D:4: 843 daAuts
     D:6: 816 daAuts
     D:3: 567 daAuts
     D:1: 550 daAuts
     D:2: 496 daAuts
   Sewer: 351 daAuts
  Temple: 88 daAuts
